 Dungeon Crawl Stone Soup version 0.30-a0-779-g7971cf19c3 (webtiles) character file.

Game seed: 309280061039785617

431 sanka the Digger (level 7, 0/36 HPs)
             Began as a Kobold Earth Elementalist on Feb 17, 2023.
             Slain by an orc warrior
             ... wielding a +0 flail
              (16 damage)
             ... on level 8 of the Dungeon.
             The game lasted 00:04:54 (4189 turns).

sanka the Digger (Kobold Earth Elementalist)        Turns: 4189, Time: 00:04:54

Health: 0/36       AC:  2    Str:  5    XL:     7   Next: 19%
Magic:  10/10      EV: 15    Int: 18    God:
Gold:   86         SH:  0    Dex: 16    Spells: 4/10 levels left

rFire   + . .      SeeInvis .    l - +2 dagger (venom)
rCold   . . .      Faith    .    (no shield)
rNeg    . . .      Spirit   .    a - +0 robe
rPois   .          Reflect  .    (no helmet)
rElec   .          Harm     .    (no cloak)
rCorr   .          Rampage  .    (no gloves)
Will    .....                    (no boots)
Stlth   +++                      x - amulet of magic regeneration
HPRegen 0.26/turn                q - ring of protection from fire
MPRegen 0.52/turn                w - ring of flight

@: flying, hasted, very quick
A: small, no large weapons, nightstalker 3
a: no special abilities


You were on level 8 of the Dungeon.
You visited 1 branch of the dungeon, and saw 8 of its levels.

You collected 290 gold pieces.
You spent 204 gold pieces at shops.


Innate Abilities, Weirdness & Mutations

You are small and have problems with some larger weapons.
You are completely attuned to the shadows.


   Skills:
 - Level 2.4 Dodging
 - Level 2.6 Stealth
 - Level 2.1 Spellcasting
 - Level 1.0 Transmutations
 + Level 7.6 Earth Magic


You had 4 spell levels left.
You knew the following spells:

 Your Spells              Type           Power      Damage    Failure   Level
x - Stone Arrow           Conj/Erth      30%        3d8       11%         3
z - Sandblast             Erth           58%        2d13      1%          1
N - Passwall              Tmut/Erth      14%        N/A       4%          2

Your spell library contained the following spells:

 Spells                   Type           Power      Damage    Failure   Level
 Magic Dart               Conj           4%         1d3       19%         1
 Call Imp                 Summ           1%         N/A       26%         2
 Cigotuvi's Dreadful Rot  Necr/Pois/Air  2%         N/A       26%         2
 Ensorcelled Hibernation  Hex/Ice        2%         N/A       26%         2
 Poisonous Vapours        Pois/Air       2%         N/A       26%         2
 Petrify                  Tmut/Erth      17%        N/A       30%         4
 Spider Form              Tmut/Pois      3%         N/A       41%         3
 Mephitic Cloud           Conj/Pois/Air  1%         N/A       47%         3
 Anguish                  Hex/Necr       0%         N/A       87%         4

Inventory:

Hand Weapons
 f - a +0 short sword
 l - a +2 dagger of venom (weapon)
Armour
 a - a +0 robe (worn)
Jewellery
 m - a ring of positive energy
 o - a ring of fire
 q - a ring of protection from fire (left hand)
 w - a ring of flight (right hand)
 x - an amulet of magic regeneration (around neck)
Wands
 y - a wand of roots (11)
Scrolls
 c - 8 scrolls of identify {unknown}
 e - 2 scrolls of immolation {unknown}
 h - a scroll of blinking {unknown}
 j - a scroll of enchant armour {unknown}
 k - 2 scrolls of fog
 p - 4 scrolls of teleportation {unknown}
 r - 2 scrolls of fear {unknown}
 s - a scroll of enchant weapon {unknown}
 u - 2 scrolls of poison {unknown}
 v - 2 scrolls of noise {unknown}
Potions
 b - a potion of magic
 d - 2 potions of berserk rage {unknown}
 g - a potion of curing {@q1}
 i - 2 potions of mutation {unknown}
 n - a potion of heal wounds {unknown}
 t - a potion of lignification {unknown}
 z - a potion of invisibility {unknown}

Dungeon Overview and Level Annotations

Branches:
Dungeon (10/15)
 Temple: D:4-7         Lair: D:8-11         Orc: D:9-12

Altars:
Sif Muna
Xom

Shops:
D:8

*
▒▒▒▒▒▒▒▒▒.▒
....Ko>.Y.▒
▒▒▒▒▒▒.▒▒▒▒
▒.▒ ▒.▒ ▒.▒


You could see an orc warrior and a sky beast (asleep).


Message History

Found a mace.
Found a club.
You see here a +0 club.
Found an escape hatch in the ceiling.
Found a potion of curing.
There is an escape hatch in the ceiling here.
A mysterious force pulls you upwards. The hatch slams shut behind you.
An orc warrior comes into view. It is wielding a +0 flail.
Found a stone staircase leading up.
The orc warrior attacks as you move away!
The orc warrior hits you with a +0 flail!
There is a stone staircase leading up here.
The orc warrior hits you with a +0 flail!
* * * LOW HITPOINT WARNING * * *
You fly upwards.
There is a stone staircase leading down here.
Unknown command.
The orc warrior attacks as you move away!
The orc warrior hits you with a +0 flail.
* * * LOW HITPOINT WARNING * * *
The orc warrior attacks as you move away!
The orc warrior hits you with a +0 flail!
* * * LOW HITPOINT WARNING * * *
Okay, then.
Unknown command.
The orc warrior closely misses you.
You feel yourself speed up.
The orc warrior hits you with a +0 flail!
You die...

Action                     |  1- 3 |  4- 6 |  7- 9 || total
---------------------------+-------+-------+-------++-------
  Melee: Unarmed           |     9 |       |       ||     9
         Dagger            |     1 |     9 |       ||    10
   Cast: Sandblast         |    49 |    69 |     4 ||   122
    Use: Potion            |       |       |     2 ||     2
   Stab: Sleeping          |     1 |       |       ||     1
 Armour: Robe              |     3 |     3 |       ||     6
  Dodge: Dodged            |    13 |    12 |    18 ||    43

Levels and vault maps discovered:
D:1:      tarquinn_simple_flora_water_e, layout_basic, minmay_misc_feat_cross
D:2:      layout_loops_ring, ebering_ecumenical_altar_petrified, basic_altar
D:3:      layout_rooms, tgw_xom
D:4:      layout_rooms, minmay_stone_trees_medium, minmay_vboxes
D:5:      layout_rooms, ebering_ghost_gozag
D:8:      layout_basic, nicolae_overflow_hidden_temple, serial_shops,
          nicolae_take_the_stairs, uniq_psyche, uniq_maggie, uniq_grum
D:9:      minmay_s_stair_smasher, layout_cave_pods, grunt_temple_overflow_open,
          orc_0_dummy, nicolae_benzene_ring
D:10:     layout_basic, nicolae_diode_intersection, uniq_harold

Notes
Turn   | Place    | Note
-------+----------+-------------------------------------------
     0 | D:1      | sanka the Kobold Earth Elementalist began the quest for the
                  | Orb.
     0 | D:1      | Reached XP level 1. HP: 10/10 MP: 3/3
   281 | D:1      | Reached XP level 2. HP: 15/15 MP: 3/5
   704 | D:1      | Reached skill level 4 in Earth Magic
   704 | D:1      | Reached XP level 3. HP: 19/19 MP: 4/6
  1493 | D:2      | Found a shimmering blue altar of Sif Muna.
  1590 | D:2      | Found a faded altar of an unknown god.
  1646 | D:2      | Learned a level 2 spell: Passwall
  1650 | D:2      | Learned a level 3 spell: Stone Arrow
  1684 | D:2      | Reached XP level 4. HP: 24/24 MP: 5/7
  2505 | D:3      | Reached skill level 5 in Earth Magic
  2579 | D:3      | Reached XP level 5. HP: 28/28 MP: 6/8
  2910 | D:3      | Found a shimmering altar of Xom.
  3463 | D:4      | Reached skill level 6 in Earth Magic
  3591 | D:4      | Noticed a black bear
  3593 | D:4      | Killed a black bear
  3594 | D:4      | Reached XP level 6. HP: 32/32 MP: 7/9
  3818 | D:5      | Entered Level 5 of the Dungeon
  3849 | D:5      | Reached skill level 7 in Earth Magic
  3936 | D:5      | Reached XP level 7. HP: 27/36 MP: 8/10
  3999 | D:5      | You are sucked into a shaft and drop 3 floors!
  3999 | D:8      | Found Ralibr Guza's General Store.
  4002 | D:8      | Bought a potion of haste for 120 gold pieces
  4002 | D:8      | Bought a potion of curing for 36 gold pieces
  4002 | D:8      | Bought a scroll of fog for 48 gold pieces
  4030 | D:9      | Noticed a brown ugly thing
  4057 | D:9      | Found a shimmering blue altar of Sif Muna.
  4066 | D:10     | Entered Level 10 of the Dungeon
  4189 | D:8      | Slain by an orc warrior

Vanquished Creatures
  A black bear (D:4)
  2 scorpions (D:5)
  A hound (D:5)
  An iguana (D:5)
  6 adders
  A white imp (D:4)
  2 worms
  5 dart slugs
  3 orcs
  5 bats
  11 endoplasms
  6 giant cockroaches
  9 goblins
  8 hobgoblins
  A jackal (D:3)
  10 kobolds
  4 quokkas
  9 ball pythons
  3 frilled lizards
  7 rats
95 creatures vanquished.

Vanquished Creatures (others)
  A withered plant (D:2)
1 creature vanquished.

Grand Total: 96 creatures vanquished
